 Dungeon Crawl Stone Soup version 0.28-a0-793-g31680bbd8b (webtiles) character file.

Game seed: 822659740091957856

264 ytrimaz the Chucker (level 6, 0/61 HPs)
             Began as an Ogre Hunter on Nov 4, 2021.
             Was a Believer of Zin.
             Slain by an ice beast (10 damage)
             ... on level 5 of the Dungeon.
             The game lasted 00:12:44 (3861 turns).

ytrimaz the Chucker (Ogre Hunter)                   Turns: 3861, Time: 00:12:45

Health: 0/61       AC:  6    Str: 20    XL:     6   Next: 19%
Magic:  4/6        EV: 10    Int: 19    God:    Zin [**....]
Gold:   96         SH:  4    Dex: 10    Spells: 5/5 levels left

rFire   . . .      SeeInvis .   a - +0 short sword
rCold   . . .      Faith    .   (no shield)
rNeg    . . .      Spirit   .   b - +1 robe
rPois   ∞          Reflect  .   c - +2 hood of the Assassin {Detection Stab+ Stlth++}
rElec   .          Harm     .   (no cloak)
rCorr   .          Rampage  .   (gloves unavailable)
Will    .....      Rage     1%  (boots unavailable)
Stlth   +++.......              (no amulet)
HPRegen 0.20/turn               f - +6 ring of intelligence
MPRegen 0.10/turn               (no ring)

@: vitalised
A: large, unfitting armour, tough skin 1, large bone plates 1, berserk 1
a: Renounce Religion, Recite, Vitalisation, Donate Gold


You were on level 5 of the Dungeon.
You worshipped Zin.
Zin was pleased with you.
You visited 1 branch of the dungeon, and saw 5 of its levels.

You collected 194 gold pieces.
You donated 98 gold pieces to Zin.

Inventory:

Hand Weapons
 a - a +0 short sword (weapon)
Armour
 b - a +1 robe (worn)
 c - the +2 hood of the Assassin (worn) {Detection Stab+ Stlth++}
   (You found it on level 5 of the Dungeon)

   It allows the wearer to sense nearby creatures.
   It allows the wearer to make particularly effective stabbing attacks against
   helpless or unaware enemies with any weapon.
   Stlth:     It makes you much more stealthy.
Jewellery
 f - a +6 ring of intelligence (left hand)
Scrolls
 g - a scroll of enchant weapon
 j - a scroll of fog
 k - a scroll of identify
Potions
 e - 2 potions of curing


   Skills:
 + Level 3.3 Fighting
 * Level 6.5 Throwing
 + Level 2.7 Dodging
 - Level 0.6 Stealth
 * Level 1.2 Invocations


You had 5 spell levels left.
You didn't know any spells.
Your spell library contained the following spells:

 Spells                   Type           Power      Damage    Failure   Level
 Slow                     Hex            0%         N/A       21%         1
 Confusing Touch          Hex            0%         N/A       52%         3
 Vampiric Draining        Necr           0%         2d6       52%         3


Dungeon Overview and Level Annotations

Branches:
Dungeon (5/15)
 Temple: D:4-7

Altars:
Hepliaklqana
Zin


Innate Abilities, Weirdness & Mutations

You are too large for most types of armour.
You have tough skin. (AC +1)
You are partially covered in large bone plates. (SH +4)
You tend to lose your temper in combat.


Message History

Unknown command.
Unknown command.
Okay, then.
You barely miss something. Something hits you.
* * * LOW HITPOINT WARNING * * *
Unknown command.
You closely miss something.
You hear some strange, mumbled words.
A magic dart appears from out of thin air!
The magic dart hits you.
* * * LOW HITPOINT WARNING * * *
Unknown command.
You feel much better. Something hits you but does no damage.
There's no appreciative audience!
Unknown command.
Zin grants you divine stamina. You block something's attack.
You miss something. Something hits you.
You hit something but do no damage. You block the ice beast's attack.
Something hits you. You block the ice beast's attack.
You miss something. Something hits you.
The ice beast hits you but does no damage.
You barely miss something.
You hear some strange, mumbled words.
A puff of flame appears from out of thin air!
The puff of flame misses you.
The puff of flame misses the ice beast.
The ice beast hits you. The ice beast freezes you!
You hit the ice beast.
The ice beast is lightly wounded.
Something hits you. The ice beast hits you.
* * * LOW HITPOINT WARNING * * *
The ice beast freezes you.
* * * LOW HITPOINT WARNING * * *
Something hits you but does no damage.
You closely miss the ice beast.
The ice beast is lightly wounded.
The ice beast hits you.
* * * LOW HITPOINT WARNING * * *
The ice beast freezes you!
You die...

..#... ..... #.....#
#..... ....##.....(.
##..... .........(..
#...... ......((...
#...... .....(....
.##..... .(.(....#
........
#Y......###......<
####@# #..###....##
#..({# ....#..#...#
#.).## ##.......##...
##((#####.........#...
#..(##.#{..##.....#.#.
#......{...##.....# ##
##.....#....#.....####
#.....#..............
##.#...#.....#.......


You could see an ice beast.

Vanquished Creatures
  A water moccasin skeleton (D:5)
  A howler monkey (D:5)
  A hound (D:4)
  An orc priest (D:5)
  6 adders
  A dart slug (D:2)
  3 orcs
  3 ball pythons
  3 endoplasms (D:1)
  3 giant cockroaches
  5 goblins
  5 hobgoblins
  12 jackals
  4 kobolds
  A quokka (D:1)
  2 bats
  A frilled lizard (D:3)
  5 rats
58 creatures vanquished.

Notes
Turn   | Place    | Note
-------+----------+-------------------------------------------
     0 | D:1      | ytrimaz the Ogre Hunter began the quest for the Orb.
     0 | D:1      | Reached XP level 1. HP: 22/22 MP: 1/1
    85 | D:1      | Reached XP level 2. HP: 21/29 MP: 2/2
   204 | D:1      | Found a faded altar of an unknown god.
   456 | D:1      | You fall into a shaft and drop 1 floor!
   481 | D:2      | Reached XP level 3. HP: 33/36 MP: 3/3
   537 | D:2      | Reached skill level 5 in Throwing
  1045 | D:2      | Reached XP level 4. HP: 44/44 MP: 4/4
  2658 | D:4      | Gained mutation: You are partially covered in large bone
                  | plates. (SH +4) [potion of mutation]
  2658 | D:4      | Gained mutation: You tend to lose your temper in combat.
                  | [potion of mutation]
  2678 | D:4      | Found a hazy altar of Hepliaklqana.
  3050 | D:4      | Found a glowing silver altar of Zin.
  3215 | D:4      | Became a worshipper of Zin the Law-Giver
  3215 | D:4      | Reached * piety under Zin
  3426 | D:4      | Donated 79 gold pieces to Zin
  3438 | D:4      | Reached XP level 5. HP: 45/53 MP: 5/5
  3537 | D:4      | Reached ** piety under Zin
  3745 | D:5      | Entered Level 5 of the Dungeon
  3776 | D:5      | Found the +2 hood of the Assassin {Detection Stab+ Stlth++}
  3795 | D:5      | Reached skill level 6 in Throwing
  3805 | D:5      | Reached skill level 1 in Invocations
  3805 | D:5      | Reached XP level 6. HP: 45/61 MP: 6/6
  3850 | D:5      | Noticed an ice beast
  3861 | D:5      | Slain by an ice beast

Illustrated notes

Levels and vault maps discovered:
D:1:      dpeg_arrival_castle, layout_basic, basic_ecumenical_altar,
          wander_ebering_terrifying_dragon_lair
D:2:      minmay_diamond_boxcup, layout_loops_ring
D:3:      layout_basic
D:4:      layout_loops_corners, zin_academy, mainiacjoe_overflow_paths,
          small_statue_intersection, st_stairs_12
D:5:      layout_cave_pools, mainiacjoe_overflow_six_doors_small

Skill      XL: |  1  2  3  4  5 |
---------------+----------------+-----
Dodging        | 2 |  2.7
Throwing       | 5 6 |  6.5
Fighting       | 3 |  3.3
Invocations    | 1 |  1.2
Stealth        | |  0.6

Action                   |  1- 3 |  4- 6 || total
-------------------------+-------+-------++-------
Melee: Short sword       |   103 |    66 ||   169
Throw: Large rock        |    24 |    24 ||    48
       Dart              |     7 |    22 ||    29
       Throwing net      |     2 |     3 ||     5
       Javelin           |     2 |     2 ||     4
Invok: Donate Gold       |       |     1 ||     1
       Recite            |       |     1 ||     1
       Vitalisation      |       |     1 ||     1
  Use: Scroll            |     5 |     6 ||    11
       Potion            |     2 |     2 ||     4
 Stab: Invisible         |     1 |       ||     1
Armor: Robe              |    48 |    27 ||    75
Dodge: Dodged            |    70 |    44 ||   114
Block: Other             |       |    10 ||    10

Table legend: (Time is in decaauts)
 A = Elapsed time spent in this place.
 B = Non-inter-level travel time spent in this place.
 C = Inter-level travel time spent in this place.
 D = Time resting spent in this place.
 E = Time spent auto-exploring this place.
 F = Levels seen in this place.
 G = Mean time per level.
                   A        B        C        D        E       F      G
               +--------+--------+--------+--------+--------+-----+--------+
         Total |   3906 |   3716 |    190 |    480 |   2477 |   5 |  781.2 |
       Dungeon |   3906 |   3716 |    190 |    480 |   2477 |   5 |  781.2 |
               +--------+--------+--------+--------+--------+-----+--------+

Top non-repeatable levels by time:
     D:2: 1346 daAuts
     D:4: 1097 daAuts
     D:3: 875 daAuts
     D:1: 469 daAuts
     D:5: 117 daAuts
